 Dungeon Crawl Stone Soup version 0.26.1-2-gb8aa6d0cf2 (webtiles) character file.

Game seed: 801621670770446791

1758 CryoSword the Arsonist (level 9, -15/75 HPs)
             Began as a Hill Orc Fire Elementalist on Feb 13, 2021.
             Was an Initiate of Vehumet.
             Demolished by a red ugly thing (19 damage)
             ... on level 6 of the Dungeon.
             The game lasted 00:30:26 (8792 turns).

CryoSword the Arsonist (Hill Orc Fire Elementalist) Turns: 8792, Time: 00:30:26

Health: -15/75     AC:  5    Str: 11    XL:     9   Next: 6%
Magic:  14/21      EV: 12    Int: 18    God:    Vehumet [......]
Gold:   424        SH:  0    Dex: 21    Spells: 4/12 levels left

rFire    . . .     SeeInvis .   a - +6 dagger "Ogreslayer" {vorpal, *Noise +Blink Dex+10 Stlth+}
rCold    . . .     Faith    .   (no shield)
rNeg     . . .     Spirit   .   F - +0 robe (curse)
rPois    .         Reflect  .   (no helmet)
rElec    .         Harm     .   w - scarf {+Inv}
rCorr    .         Rampage  .   (no gloves)
Will     +....                  r - +2 pair of boots
Stlth    ++++......             y - amulet of the acrobat
HPRegen  0.22/turn              o - ring of willpower
MPRegen  0.17/turn              i - ring of magical power

@: no status effects
A: no striking features
a: Renounce Religion, Evoke Blink, Evoke Invisibility


You were on level 6 of the Dungeon.
You worshipped Vehumet.
Vehumet was noncommittal.
You visited 1 branch of the dungeon, and saw 6 of its levels.
You also visited: Sewer.

You collected 424 gold pieces.

Inventory:

Hand Weapons
 a - the +6 dagger "Ogreslayer" (weapon) {vorpal, *Noise +Blink Dex+10 Stlth+}
   (You found it on level 4 of the Dungeon)

   It inflicts extra damage upon your enemies.
   It affects your dexterity (+10).
   It lets you blink.
   It may make noises in combat.
   It makes you more stealthy.
 b - a +1 hand axe of electrocution
   (You took it off an orc on level 3 of the Dungeon)
Missiles
 n - 8 boomerangs
 x - 7 curare-tipped darts
Armour
 r - a +2 pair of boots (worn)
   (You found it on level 3 of the Dungeon)
 w - a scarf of invisibility (worn)
   (You found it in a sewer)
 F - a cursed +0 robe (worn)
   (You found it on level 2 of the Dungeon)
Jewellery
 i - a ring of magical power (right hand)
   (You found it on level 6 of the Dungeon)
 o - a ring of willpower (left hand)
   (You found it on level 2 of the Dungeon)
 y - an amulet of the acrobat (around neck)
   (You found it on level 2 of the Dungeon)
Wands
 p - a wand of paralysis (6)
   (You found it on level 3 of the Dungeon)
Scrolls
 d - 5 scrolls of teleportation {unknown}
 e - 2 scrolls of immolation {unknown}
 g - 2 scrolls of blinking {unknown}
 h - 2 scrolls of random uselessness {unknown}
 k - 3 scrolls of remove curse {unknown}
 s - 2 scrolls of enchant weapon {unknown}
 t - a scroll of fog {unknown}
 C - a scroll of enchant armour {unknown}
 D - a scroll of magic mapping
 E - a scroll of amnesia {unknown}
Potions
 c - 2 potions of degeneration {unknown}
 f - 5 potions of flight
 j - 3 potions of heal wounds {unknown}
 l - a potion of berserk rage
 m - a potion of haste {unknown}
 q - 6 potions of curing {@q1}
 u - 5 potions of might
 v - 2 potions of brilliance {unknown}
 z - a potion of ambrosia {unknown}
 A - a potion of mutation {unknown}


   Skills:
 + Level 6.1 Fighting
 - Level 1.5 Dodging
 + Level 2.5 Stealth
 + Level 2.3 Spellcasting
 * Level 5.7 Conjurations
 * Level 8.9 Fire Magic


You had 4 spell levels left.
You knew the following spells:

 Your Spells              Type           Power        Failure   Level
a - Foxfire               Conj/Fire      100%         1%          1
b - Conjure Flame         Conj/Fire      28%          2%          3
c - Sticky Flame          Conj/Fire      28%          9%          4

Your spell library contained the following spells:

 Spells                   Type           Power        Failure   Level
 Inner Flame              Hex/Fire       18%          9%          3
 Fireball                 Conj/Fire      14%          24%         5


Dungeon Overview and Level Annotations

Branches:
Dungeon (6/15)             Temple (0/1) D:6           Sewer (visited)

Altars:
Ashenzari
Elyvilon
Gozag
Makhleb
Nemelex Xobeh
Sif Muna
Vehumet
Xom
Yredelemnul
Zin
The Shining One

Annotations:
D:6 3 runed translucent doors, McKennaii's ghost, novice DEFE


Message History

Vehumet accepts your kill.
Your life force feels restored.
You conjure some foxfire!
The foxfire hits the orc priest.
The orc priest shouts, "Beogh is our master!
Accept the truth or die!"
The foxfire hits the orc priest.
You completely miss the orc.
You conjure some foxfire!
The orc hits you but does no damage. The orc barely misses your foxfire.
You puncture the orc!
You kill the orc!
Vehumet accepts your kill.
You conjure some foxfire!
You hit the orc priest.
The foxfire hits the orc priest!
You kill the orc priest!
Vehumet accepts your kill.
Things that are here:
a +0 short sword; an orc corpse You start resting.
A wight comes into view. It is wielding a +5 long sword.
A wight is nearby!
Unknown command.
You conjure some foxfire!
The fire begins to smolder!
The foxfire hits the wight but does no damage.
The fire ignites!
You conjure some foxfire!
The foxfire hits the wight but does no damage. x2
You conjure some foxfire!
The foxfire hits the wight.
You conjure some foxfire!
The foxfire hits the wight.
The foxfire hits the wight but does no damage. x2
You conjure some foxfire!
The foxfire hits the wight.
The foxfire hits the wight but does no damage.
You conjure some foxfire!
The foxfire hits the wight but does no damage. x2
You conjure some foxfire!
The foxfire hits the wight.
You conjure some foxfire!
The foxfire hits the wight.
You destroy the wight!
Vehumet accepts your kill.
Really walk into that cloud of flame? [Y]es or [N]o only, please.
Really walk into that cloud of flame?
Okay, then.
Things that are here:
a +5 long sword; a +0 robe
Things that are here:
a +0 hand axe; an orc corpse You now have 424 gold pieces (gained 16).
Things that are here:
a +0 dagger; a +0 robe; an orc corpse
There is a stone staircase leading down here.
Things that are here:
a +2 great sword; a +0 robe
There is a staircase to the Ecumenical Temple here.
There is an open door here.
Things that are here:
a +0 hand axe; an orc corpse
Things that are here:
a +5 long sword; a +0 robe A worker ant is nearby!
You conjure some foxfire!
The foxfire hits the worker ant.
You conjure some foxfire!
The foxfire hits the worker ant but does no damage.
An orc warrior comes into view. It is wielding a +0 long sword.
The foxfire hits the worker ant.
The foxfire hits the worker ant but does no damage.
You conjure some foxfire!
The foxfire hits the worker ant. x2
You kill the worker ant!
Vehumet accepts your kill.
Your Fighting skill increases to level 6!
You have reached level 9!
Your experience leads to an increase in your attributes!
Your base attributes are Str 11, Int 17, Dex 11.
Increase (S)trength, (I)ntelligence, or (D)exterity?
You feel clever.
Aim: an orc warrior, wielding a +0 long sword and wearing a +0 plate armour (0% to evade)
The sticky flame hits the orc warrior.
The orc warrior is covered in liquid flames!
The orc warrior burns!
The orc warrior hits you with a +0 long sword!!
You conjure some foxfire!
The orc warrior burns!
The orc warrior hits you with a +0 long sword!
You hit the orc warrior.
Your dagger "Ogreslayer" shouts, "Whoopee!"
You hear a shout!
The orc warrior burns!
The foxfire hits the orc warrior. x2
The orc warrior hits you but does no damage.
You conjure some foxfire!
The orc warrior burns!
You kill the orc warrior!
Vehumet accepts your kill.
Things that are here:
a +0 long sword; a +0 plate armour An ufetubus is nearby!
An ufetubus is nearby!
You conjure some foxfire!
The ufetubus shouts!
The foxfire hits the ufetubus but does no damage.
The foxfire hits the ufetubus!
The ufetubus is burned terribly!
You kill the ufetubus!
Vehumet accepts your kill.
You see here a worker ant corpse.
An ogre comes into view. It is wielding a +0 giant club.
An ogre is nearby!
You conjure some foxfire!
The orc wizard shouts!
You conjure some foxfire!
The ogre shouts!
The foxfire hits the red ugly thing.
The red ugly thing resists.
The foxfire hits the red ugly thing.
The red ugly thing resists.
The fire begins to smolder!
The fire ignites!
The red ugly thing is engulfed in blazing flames.
Things that are here:
a +5 long sword; a +0 robe You conjure some foxfire!
Aim: a red ugly thing (0% to evade)
The sticky flame hits the red ugly thing but does no damage.
The foxfire hits the red ugly thing.
The red ugly thing resists.
The foxfire hits the red ugly thing.
The red ugly thing resists.
The red ugly thing punches you!
You are engulfed in flames!!
The red ugly thing closely misses you.
Things that are here:
a +0 hand axe; an orc skeleton
There is an open door here.
There is an open door here.
The red ugly thing closely misses you.
The red ugly thing completely misses you.
The red ugly thing barely misses you. The red ugly thing misses you.
The red ugly thing punches you!
You are engulfed in flames!!
* * * LOW HITPOINT WARNING * * *
The red ugly thing punches you but does no damage.
The red ugly thing barely misses you.
The floor.
The fire begins to smolder!
The red ugly thing punches you.
* * * LOW HITPOINT WARNING * * *
You are engulfed in flames!
* * * LOW HITPOINT WARNING * * *
The red ugly thing smothers the flame.
Aim: a red ugly thing (0% to evade)
The sticky flame hits the red ugly thing.
The red ugly thing resists.
The red ugly thing punches you!
* * * LOW HITPOINT WARNING * * *
You are engulfed in flames!!
You die...

#.## ##...## #.# ##'##
#.# #.#
#.############.#
#.##.........#.##
#.##.#######....#######
#.##<# #.....##....
#.##<##### #....###.###
#.....@u.# #.#.## #.#
####.###.###.######.#
#.###............#
#.........########
###########


You could see a red ugly thing.

Vanquished Creatures
  Sigmund (D:2)
  An orc warrior (D:6)
  2 ogres
  A centaur (D:5)
  2 big kobolds (Sewer)
  2 bullfrogs (D:6)
  2 wights (D:6)
  A centaur zombie (D:5)
  A jelly (D:6)
  A quasit (D:6)
  8 orc wizards
  2 orc priests
  3 hounds
  2 worker ants (D:6)
  An iguana (D:4)
  3 worker ant zombies
  3 gnolls (D:5)
  10 adders
  4 river rats (Sewer)
  A shadow imp (D:4)
  A white imp (D:3)
  An ufetubus (D:6)
  An ooze (D:2)
  2 adder skeletons (D:5)
  3 worms
  5 leopard geckos
  14 orcs
  10 giant cockroaches
  2 gnoll zombies (D:2)
  6 goblins
  10 hobgoblins
  3 jackals (D:4)
  3 quokkas
  5 ball pythons
  2 bats (D:3)
  5 frilled lizards
  21 kobolds
  A leopard gecko skeleton (D:4)
  2 quokka skeletons
  26 rats
174 creatures vanquished.

Vanquished Creatures (others)
  A bullfrog skeleton (D:5)
  A hound skeleton (D:5)
  516 foxfires
518 creatures vanquished.

Grand Total: 692 creatures vanquished

Notes
Turn   | Place    | Note
-------+----------+-------------------------------------------
     0 | D:1      | CryoSword the Hill Orc Fire Elementalist began the quest
                  | for the Orb.
     0 | D:1      | Reached XP level 1. HP: 14/14 MP: 3/3
   312 | D:1      | Reached XP level 2. HP: 22/22 MP: 2/4
   538 | D:1      | Reached skill level 1 in Fighting
  1120 | D:2      | Reached skill level 4 in Fire Magic
  1120 | D:2      | Reached XP level 3. HP: 28/28 MP: 1/5
  1418 | D:2      | Noticed Sigmund
  1437 | D:2      | Killed Sigmund
  1438 | D:2      | Reached skill level 5 in Fire Magic
  1438 | D:2      | Reached XP level 4. HP: 28/38 MP: 0/6
  1438 | D:2      | Reached XP level 5. HP: 33/45 MP: 0/7
  1626 | D:2      | Found a basalt altar of Yredelemnul.
  1836 | D:2      | You fall into a shaft and drop 1 floor!
  1859 | D:3      | Reached XP level 6. HP: 38/51 MP: 0/8
  1908 | D:3      | Found a white marble altar of Elyvilon.
  2178 | D:3      | Found a glowing drain.
  2192 | Sewer    | Entered a sewer
  2344 | Sewer    | Reached skill level 6 in Fire Magic
  2477 | Sewer    | Learned a level 3 spell: Conjure Flame
  2905 | Sewer    | Reached XP level 7. HP: 52/59 MP: 1/9
  3502 | D:3      | Found a broken altar of Ashenzari.
  3795 | D:3      | Learned a level 4 spell: Sticky Flame
  3811 | D:3      | Found a glowing golden altar of the Shining One.
  4402 | D:2      | Found a shimmering altar of Xom.
  4657 | D:2      | Found a shimmering blue altar of Sif Muna.
  4945 | D:4      | Got a steaming dagger
  4949 | D:4      | Identified the +6 dagger "Ogreslayer" {vorpal, *Noise
                  | +Blink Dex+10 Stlth+} (You found it on level 4 of the
                  | Dungeon)
  5070 | D:4      | Found a sparkling altar of Nemelex Xobeh.
  5203 | D:4      | Found a burning altar of Makhleb.
  5305 | D:4      | Reached skill level 7 in Fire Magic
  5826 | D:5      | Entered Level 5 of the Dungeon
  5956 | D:5      | Reached skill level 5 in Fighting
  5956 | D:5      | Reached XP level 8. HP: 68/68 MP: 4/11
  6214 | D:5      | Reached skill level 8 in Fire Magic
  6356 | D:5      | Found an opulent altar of Gozag.
  6647 | D:5      | Found a glowing silver altar of Zin.
  6838 | D:5      | Found a radiant altar of Vehumet.
  6946 | D:5      | Became a worshipper of Vehumet
  7229 | D:6      | Noticed a red ugly thing
  7562 | D:6      | Reached skill level 5 in Conjurations
  7591 | D:6      | Found a staircase to the Ecumenical Temple.
  7757 | D:6      | Found a runed translucent gate.
  7757 | D:6      | Found a runed translucent gate.
  7757 | D:6      | Found a runed translucent gate.
  7759 | D:6      | Noticed McKennaii's ghost (novice DEFE)
  8534 | D:6      | Reached XP level 9. HP: 75/75 MP: 12/12
  8792 | D:6      | Demolished by a red ugly thing

Illustrated notes

Levels and vault maps discovered:
D:1:      dpeg_arrival_stonehenge_12_columns, layout_basic, hex_large,
          nrook_uturn
D:2:      layout_basic, overflow_temple_1_default,
          lemuel_zombie_altar_yredelemnul, lemuel_blue_sif_altar, uniq_sigmund
D:3:      layout_rooms, lemuel_round_altar, ashenzari_altar_1,
          lemuel_round_altar, portal_sewer_entry_f
D:4:      layout_loops_ring, nemelex_xobeh_ov_fountains_minmay,
          lemuel_tele_altar
D:5:      layout_layer_cave, zin_scriptorium, grunt_gozag_statues,
          fiery_altar_vehumet
D:6:      minmay_clustersquares, layout_loops_corners,
          minmay_temple_entry_waves, gammafunk_ghost_split

Skill      XL: |  1  2  3  4  5  6  7  8 |
---------------+-------------------------+-----
Fighting       | 1 3 4 5 6 |  6.1
Fire Magic     | 4 5 6 7 8 |  8.9
Conjurations   | 2 3 4 5 |  5.7
Spellcasting   | 2 |  2.3
Stealth        | 2 |  2.5
Dodging        | |  1.5

Action                   |  1- 3 |  4- 6 |  7- 9 || total
-------------------------+-------+-------+-------++-------
Melee: Dagger            |    11 |    64 |   112 ||   187
 Cast: Foxfire           |    36 |    88 |   182 ||   306
       Conjure Flame     |       |     1 |     3 ||     4
       Sticky Flame      |       |       |     6 ||     6
  Use: Scroll            |     3 |     2 |     2 ||     7
 Stab: Sleeping          |       |       |     6 ||     6
Armor: Robe              |     3 |    24 |    33 ||    60
Dodge: Dodged            |     9 |    48 |    73 ||   130
